 Dungeon Crawl Stone Soup version 0.17-a0-1987-gaf5a542 (webtiles) character file.

513 SlimeFever the Insei (level 7, -11/36 HPs)
             Began as a Vine Stalker Monk on Oct 6, 2015.
             Mangled by Duvessa
             ... wielding a +0 short sword
              (12 damage)
             ... on level 4 of the Dungeon.
             The game lasted 00:19:42 (2215 turns).

SlimeFever the Insei (Vine Stalker Monk)            Turns: 2215, Time: 00:19:43

Health: -11/36     AC:  4    Str: 15    XL:     7   Next: 20%
Magic:  0/8        EV: 14    Int: 10    God:
Gold:   94         SH:  0    Dex: 17    Spells: 0 memorised, 6 levels left

rFire  . . .     SeeInvis .       - Unarmed
rCold  . . .     Clarity  .     f - +2 robe
rNeg   . . .     SustAt   .     (no shield)
rPois  .         Gourm    .     (no helmet)
rElec  .         Spirit   +     (no cloak)
rCorr  .         Warding  .     (no gloves)
rMut   .         Stasis   .     (no boots)
MR     .....                    (no amulet)
Stlth  +++.......               (no ring)
                                (no ring)

@: not resistant to hostile enchantments, fairly stealthy
A: fangs 2, regeneration 2, magic shield, antimagic bite, no device heal 3, rot
immunity
a: no special abilities


You were on level 4 of the Dungeon.
You were not hungry.

You visited 1 branch of the dungeon, and saw 4 of its levels.

You collected 94 gold pieces.

Inventory:

Hand Weapons
 a - a +0 hunting sling
Missiles
 d - 22 bolts
 g - 10 poisoned needles
 i - 5 sling bullets
 j - 106 stones (quivered)
Armour
 f - a +2 robe (worn)
Wands
 k - a wand of lightning (4)
Scrolls
 e - 4 scrolls of identify
 h - 2 scrolls of teleportation
 n - a scroll of enchant armour
 o - a scroll of remove curse {unknown}
Potions
 c - a potion of agility
 l - a potion of lignification {unknown}
 m - a potion of cancellation
Comestibles
 b - 2 bread rations


   Skills:
 + Level 3.3 Fighting
 + Level 1.4 Slings
 + Level 0.3(1.0) Throwing
 * Level 4.0 Dodging
 * Level 4.7 Stealth
 * Level 6.0 Unarmed Combat


You had 6 spell levels left.
You didn't know any spells.

Dungeon Overview and Level Annotations

Branches:
Dungeon (4/15)             Temple (0/1) D:4

Altars:

Annotations:
D:4 Dowan, Duvessa


Innate Abilities, Weirdness & Mutations

You have extremely sharp teeth.
You heal very quickly.
When hurt, damage is shared between your health and your magic reserves.
Your bite disrupts and absorbs the magic of your enemies.
Potions and wands cannot restore your health.
You are immune to rotting.


Message History

You barely miss Dowan. You bite Dowan, but do no damage.
Dowan is severely wounded.
Duvessa closely misses you. Duvessa hits you with a short sword.
You barely miss Dowan.
Dowan is severely wounded.
Dowan hits you with a dagger. Duvessa misses you.
You hit Dowan but do no damage. Your punch misses Dowan. You bite Dowan.
Dowan's magic leaks into the air.
You drain his magic.
You feel invigorated.
Dowan is severely wounded.
Dowan hits you but does no damage. Duvessa hits you with a short sword!
* * * LOW HITPOINT WARNING * * *
You hit Dowan but do no damage. Your bite misses Dowan.
Dowan is severely wounded.
Duvessa hits you with a short sword!
* * * LOW HITPOINT WARNING * * *
Dowan hits you with a dagger.
* * * LOW HITPOINT WARNING * * *
It was a potion of cancellation.
You feel magically purged. Duvessa hits you with a short sword!
You die...

.<....................
.#....#?.#...........#
.#######.#...........#
.## #.............#
..## ##............#
...## ......rr....#
....## #.....sSS...#
.....# .#####e#####
......# #.#####@####
.....O.# #.....e....#
.......# ##.........#
......## #.........#
.....## #.........#
....## #.........#
.#+## #....^....#
....#######.........#
..........'.........#


You could see Duvessa, Dowan, a river rat, a giant cockroach, 2 ball pythons and
a rat.

Vanquished Creatures
  Sigmund (D:3)
  Blork the orc (D:4)
  A scorpion (D:4)
  An orc priest (D:3)
  An orc wizard (D:3)
  2 worker ants (D:4)
  7 adders
  2 worms
  An adder skeleton (D:4)
  A giant gecko (D:3)
  4 orcs (D:3)
  7 bats
  6 giant cockroaches
  5 hobgoblins
  2 jackals (D:4)
  6 kobolds
  2 giant newts
  5 goblins
  A jackal skeleton (D:4)
  A quokka (D:2)
  2 rats
59 creatures vanquished.

Notes
Turn   | Place    | Note
--------------------------------------------------------------
     0 | D:1      | SlimeFever the Vine Stalker Monk began the quest for the Orb.
     0 | D:1      | Reached XP level 1. HP: 11/11 MP: 2/2
   180 | D:1      | Reached XP level 2. HP: 16/16 MP: 3/3
   595 | D:2      | Reached XP level 3. HP: 15/19 MP: 4/4
   770 | D:2      | Reached XP level 4. HP: 20/23 MP: 3/5
  1196 | D:3      | Noticed Sigmund
  1217 | D:3      | Killed Sigmund
  1217 | D:3      | Reached skill level 1 in Slings
  1217 | D:3      | Reached skill level 5 in Unarmed Combat
  1217 | D:3      | Reached XP level 5. HP: 7/28 MP: 6/6
  1217 | D:3      | Gained mutation: You heal very quickly. [Vine Stalker growth]
  1217 | D:3      | Reached XP level 6. HP: 8/32 MP: 7/7
  1728 | D:4      | Noticed Dowan
  1729 | D:4      | Noticed Duvessa
  1743 | D:4      | Noticed Blork the orc
  1984 | D:4      | Found a staircase to the Ecumenical Temple.
  2027 | D:4      | Reached XP level 7. HP: 27/36 MP: 8/8
  2141 | D:4      | Killed Blork the orc
  2141 | D:4      | Reached skill level 6 in Unarmed Combat
  2214 | D:4      | HP: 1/36 [Dowan/dagger (2)]
  2215 | D:4      | Mangled by Duvessa

Vault maps used:
D:1:      lemuel_arrival_behind_the_door_small
D:2:      minmay_misc_feat_encased
D:3:      uniq_sigmund
D:4:      minmay_temple_entry_large_hall, first_bread, portal_sewer_entry_b,
          uniq_blork_the_orc, uniq_duvessa

Action                   |  1- 3 |  4- 6 |  7- 9 || total
-------------------------+-------+-------+-------++-------
Melee: Unarmed           |    55 |   129 |    30 ||   214
 Fire: Hunting sling     |       |    17 |       ||    17
Throw: Stone             |     4 |       |       ||     4
  Use: Scroll            |     5 |     3 |       ||     8
       Potion            |       |     1 |     1 ||     2
 Stab: Sleeping          |     4 |     4 |     1 ||     9
  Eat: Beef jerky        |       |     1 |       ||     1
       Meat ration       |       |       |     1 ||     1
